 Dungeon Crawl Stone Soup version 0.19-a0-816-geccf914 (webtiles) character file.

41232 Dorikus the Cleaver (level 14, -1/124 HPs)
             Began as a Hill Orc Fighter on June 29, 2016.
             Was a High Priest of Okawaru.
             Killed from afar by a raiju (4 damage)
             ... with a living lightning
             ... on level 2 of the Abyss.
             The game lasted 01:48:44 (20007 turns).

Dorikus the Cleaver (Hill Orc Fighter)             Turns: 20007, Time: 01:48:44

Health: -1/124     AC: 28    Str: 25      XL:     14   Next: 14%
Magic:  20/20      EV: 10    Int:  5 (8)  God:    Okawaru [*****.]
Gold:   863        SH: 15    Dex: 15      Spells: 2 memorised, 8 levels left

rFire  . . .     SeeInvis +     a - +1 war axe
rCold  + . .     Gourm    .     q - +4 plate armour of Anarchy {SInv}
rNeg   + . .     Faith    +     c - +0 shield
rPois  .         Spirit   .     l - +2 helmet
rElec  .         Dismiss  .     z - +1 cloak "Josukh" {rN+}
rCorr  .         Reflect  .     U - +0 pair of gloves {Str+3}
SustAt .         Harm     .     G - +0 pair of boots
MR     +....     Clarity  +     P - amulet of faith
Stlth  ..........               Q - ring of protection from cold
                                E - +3 ring of dexterity

@: somewhat resistant to hostile enchantments, extremely unstealthy
A: repulsion field 1, large bone plates 1, berserk 1, clarity, deterioration 2,
regeneration 1, MP-powered wands
a: Heroism, Finesse, Renounce Religion


You were on level 2 of the Abyss.
You worshipped Okawaru.
Okawaru was extremely pleased with you.
You were not hungry.

You visited 2 branches of the dungeon, and saw 16 of its levels.
You visited the Abyss 1 time.

You collected 1003 gold pieces.
You spent 140 gold pieces at shops.

Inventory:

Hand Weapons
 a - a +1 war axe (weapon)
 y - a +1 morningstar
 C - a +1 hand crossbow of freezing
Missiles
 i - 161 bolts
Armour
 c - a +0 shield (worn)
 l - a +2 helmet (worn)
 q - the +4 plate armour of Anarchy (worn) {SInv}
   (Okawaru gifted it to you on level 12 of the Dungeon)

   It lets you see invisible.
 z - the +1 cloak "Josukh" (worn) {rN+}
   (Okawaru gifted it to you on level 13 of the Dungeon)

   It protects you from negative energy.
 G - a +0 pair of boots (worn)
 U - a +0 pair of gloves of strength (worn)
Jewellery
 E - a +3 ring of dexterity (left hand)
 P - an amulet of faith (around neck)
 Q - a ring of protection from cold (right hand)
Wands
 m - a wand of paralysis (13/24)
 D - a wand of acid (2/15)
 F - a wand of lightning (10/15)
 H - a wand of slowing (20/48)
 I - a wand of iceblast (8/15)
 L - a wand of iceblast (8/15)
 M - a wand of digging (22/24)
 N - a wand of flame (19/48)
 O - a wand of slowing (22/48)
 R - a wand of disintegration (24/24)
 S - a wand of polymorph (21/24)
Scrolls
 e - a scroll of magic mapping
 j - a scroll of fog
 n - 5 scrolls of amnesia
 t - a scroll of teleportation
 x - a scroll of blinking
Potions
 b - 4 potions of brilliance
 k - 2 potions of magic
 o - 5 potions of curing
 p - 3 potions of agility
 r - 2 potions of invisibility
 u - 2 potions of haste
 w - 2 potions of resistance
 B - 3 potions of lignification
 J - a potion of berserk rage
 T - a potion of flight {unknown}
Comestibles
 f - 13 bread rations
 g - 4 meat rations
 s - a slice of pizza
 v - 12 fruits
 K - 5 beef jerkies


   Skills:
 * Level 11.3 Fighting
 * Level 14.7 Axes
 * Level 3.7 Crossbows
 * Level 9.1 Armour
 + Level 2.0 Dodging
 * Level 11.8 Shields
 * Level 5.5 Charms
 * Level 5.7 Necromancy
 * Level 4.9 Translocations
 * Level 8.0 Invocations
 * Level 5.8 Evocations


You had 8 spell levels left.
You knew the following spells:

 Your Spells              Type           Power        Failure   Level  Hunger
a - Blink                 Tloc           N/A          99%         2    ###....
b - Regeneration          Chrm/Necr      #.........   100%        3    ####...


Dungeon Overview and Level Annotations

Branches:
Dungeon (15/15)            Temple (1/1) D:7            Lair (0/6) D:11
    Orc (0/2) D:9          Vaults (0/5) D:14
 Depths: D:15

Altars:
Ashenzari
Cheibriados
Dithmenos
Elyvilon
Fedhas
Gozag
Hepliaklqana
Kikubaaqudgha
Makhleb
Nemelex Xobeh
Okawaru
Pakellas
Qazlal
Ru
Sif Muna
Trog
Uskayaw
Vehumet
Xom
Yredelemnul
Zin
The Shining One

Shops:
D:7 =%(   D:8 *

Annotations:
D:15 Louise


Innate Abilities, Weirdness & Mutations

You are surrounded by a mild repulsion field. (EV +2)
You are partially covered in large bone plates. (AC +2, SH +2)
You tend to lose your temper in combat.
You possess an exceptional clarity of mind.
Your body often deteriorates upon taking damage.
Your natural rate of healing is unusually fast.
You expend magic power (3 MP) to strengthen your wands.


Message History

You hit the raiju but do no damage.
The raiju is heavily wounded.
The raiju bites you but does no damage.
You barely miss the raiju.
The raiju is moderately wounded.
Your plate armour of Anarchy prevents you from hitting the raiju.
The raiju is heavily wounded.
The raiju barely misses you.
The raiju bursts into living lightning!
The living lightning misses you. x2; The raiju blinks! x3
You closely miss the raiju.
The raiju is moderately wounded.
You hit the raiju.
The raiju is severely wounded.
The raiju bites you but does no damage.
The raiju bursts into living lightning!
The living lightning hits you!
* * * LOW HITPOINT WARNING * * *
The living lightning hits you!
You die...

## #.# #.# ....
#.. # #. .##
...#. ...#... .
....#..#.. .
..###.#.#......
##....#.###.#..
#...........?#
......#h@#+#. ?.
#$ #.....h..#
#..............#
#..............#
#...........#.#.
............. #
#.#........#.
...........#..


You could see 2 raiju.

Vanquished Creatures
  Rupert (D:14)
  2 death knights
  5 centaur warriors
  Urug (D:14)
  A tengu warrior (D:14)
  Nergalle (D:10)
  An unseen horror (D:12)
  6 hill giants
  A golden dragon skeleton (Abyss:2)
  2 griffons
  4 cyclopes
  11 ugly things
  2 manticores (D:13)
  A guardian serpent (shapeshifter) (D:12)
  An orange demon (Abyss:2)
  A gargoyle (D:14)
  An efreet (D:12)
  4 komodo dragons
  A yaktaur (D:12)
  3 meliai (D:14)
  A merfolk (shapeshifter) (D:14)
  A two-headed ogre (D:12)
  7 trolls
  A raiju (Abyss:2)
  A meliai zombie (D:12)
  10 slime creatures
  2 large abominations (Abyss:2)
  A shadow (D:12)
  4 wraiths
  20 yaks
  A wyvern (D:8)
  A ynoxinul (Abyss:2)
  16 humans
  2 hungry ghosts
  A basilisk (D:14)
  3 vampire mosquitoes
  2 mottled dragons
  A soldier ant (D:10)
  A water moccasin (D:10)
  3 black bears
  A swamp drake (D:11)
  A phantom (D:10)
  3 ice beasts
  A small abomination (Abyss:2)
  2 sky beasts
  An eye of draining (D:11)
  A boggart (D:12)
  16 centaurs
  3 ogres
  A crocodile (D:11)
  3 big kobolds
  A wyvern zombie (D:7)
  3 giant frogs
  6 scorpions
  A water moccasin skeleton (D:6)
  4 wights (D:14)
  14 killer bees
  5 howler monkeys
  3 centaur zombies
  4 crimson imps
  2 giant frog zombies
  A gnoll shaman (D:6)
  3 giant frog skeletons
  3 jellies
  4 orc wizards
  2 quasits
  4 hounds
  5 orc priests
  3 centaur skeletons
  Jessica (D:2)
  7 iguanas
  8 worker ants
  4 sheep (D:12)
  A hound zombie (D:5)
  2 hound skeletons
  A worker ant zombie (D:5)
  15 adders
  10 gnolls
  A howler monkey skeleton (D:9)
  5 shadow imps
  An ufetubus (Abyss:2)
  2 oozes
  An adder zombie (D:7)
  3 adder skeletons
  A worm (D:3)
  2 dart slugs
  5 giant geckos
  27 orcs
  4 giant cockroaches
  11 goblins
  10 hobgoblins
  15 jackals
  19 kobolds
  6 quokkas
  A ball python (D:3)
  5 bats
  A giant gecko skeleton (D:5)
  3 giant newts (D:4)
  A jackal skeleton (D:7)
  A quokka skeleton (D:8)
  A quokka zombie (D:6)
  6 rats
411 creatures vanquished.

Vanquished Creatures (others)
  A lurking horror (Abyss:2)
1 creature vanquished.

Grand Total: 412 creatures vanquished

Notes
Turn   | Place    | Note
--------------------------------------------------------------
     0 | D:1      | Dorikus the Hill Orc Fighter began the quest for the Orb.
     0 | D:1      | Reached XP level 1. HP: 19/19 MP: 1/1
   287 | D:1      | Reached XP level 2. HP: 23/27 MP: 2/2
   715 | D:2      | Reached skill level 3 in Axes
   715 | D:2      | Reached XP level 3. HP: 29/33 MP: 3/3
   841 | D:2      | Noticed Jessica
   849 | D:2      | Killed Jessica
   849 | D:2      | Reached XP level 4. HP: 40/40 MP: 4/4
  1116 | D:2      | Found a white marble altar of Elyvilon.
  1272 | D:2      | Found a shimmering altar of Xom.
  1272 | D:2      | Found a shimmering altar of Xom.
  1274 | D:2      | Found a shimmering altar of Xom.
  1283 | D:2      | Found a shimmering altar of Xom.
  1283 | D:2      | Found a shimmering altar of Xom.
  1285 | D:2      | Found a shimmering altar of Xom.
  1285 | D:2      | Found a basalt altar of Yredelemnul.
  1480 | D:2      | You fall through a shaft!
  1747 | D:2      | Reached XP level 5. HP: 47/47 MP: 5/5
  1859 | D:3      | Reached skill level 4 in Axes
  2230 | D:3      | Gained mutation: Scrolls take you a little longer to read. [potion of mutation]
  2230 | D:3      | Gained mutation: Your body sometimes deteriorates upon taking damage. [potion of mutation]
  2230 | D:3      | Gained mutation: You are partially covered in large bone plates. (AC +2, SH +2) [potion of mutation]
  2734 | D:3      | Reached skill level 5 in Fighting
  2841 | D:4      | Reached XP level 6. HP: 56/56 MP: 6/6
  2841 | D:4      | Reached skill level 1 in Dodging
  2941 | D:4      | Found a sacrificial altar of Ru.
  3224 | D:4      | Reached skill level 5 in Shields
  3282 | D:4      | Found a radiant altar of Vehumet.
  3389 | D:5      | Entered Level 5 of the Dungeon
  3581 | D:5      | Noticed an ice beast
  3595 | D:5      | Killed an ice beast
  3595 | D:5      | Reached skill level 5 in Axes
  3595 | D:5      | Reached XP level 7. HP: 15/61 MP: 7/7
  4836 | D:5      | Found a glowing silver altar of Zin.
  4920 | D:6      | Reached skill level 6 in Axes
  5179 | D:6      | Reached skill level 5 in Armour
  5243 | D:6      | Reached XP level 8. HP: 63/70 MP: 8/8
  5475 | D:6      | Found a snail-covered altar of Cheibriados.
  5646 | D:7      | Reached skill level 7 in Axes
  5983 | D:7      | Found a staircase to the Ecumenical Temple.
  5988 | Temple   | Entered the Ecumenical Temple
  6257 | D:7      | Found Jizufeg's Jewellery Emporium.
  6280 | D:7      | Identified the Compendium of a Thousand Runes
  6284 | D:7      | Learned a level 2 spell: Blink
  6290 | D:7      | Found Ceycha's Weapon Boutique.
  6412 | D:7      | Found Micet's Food Emporium.
  6533 | D:7      | Reached skill level 8 in Axes
  6606 | D:7      | Found an iron altar of Okawaru.
  6615 | D:7      | Became a worshipper of Warmaster Okawaru
  7088 | D:8      | Reached skill level 1 in Evocations
  7222 | D:8      | Noticed a wyvern
  7239 | D:8      | Killed a wyvern
  7239 | D:8      | Reached skill level 1 in Translocations
  7239 | D:8      | Reached XP level 9. HP: 50/78 MP: 8/10
  7532 | D:8      | Found Soz Vische's Assorted Antiques.
  7535 | D:8      | Bought a scroll labeled UKUFEIFASE for 28 gold pieces
  7535 | D:8      | Bought a short wooden wand for 112 gold pieces
  7906 | D:8      | Learned a level 3 spell: Regeneration
  8308 | D:9      | Identified a scroll of acquirement
  8611 | D:9      | Reached * piety under Okawaru
  8674 | D:9      | Found a blossoming altar of Fedhas.
  8699 | D:9      | Found a staircase to the Orcish Mines.
  8700 | D:9      | Noticed a troll
  8726 | D:9      | Killed a troll
  8726 | D:9      | Reached skill level 9 in Axes
  8726 | D:9      | Reached skill level 1 in Invocations
  8741 | D:9      | Reached skill level 1 in Charms
  8989 | D:9      | Reached skill level 1 in Necromancy
  9228 | D:9      | Found a blossoming altar of Fedhas.
  9276 | D:10     | Entered Level 10 of the Dungeon
  9287 | D:10     | Reached ** piety under Okawaru
  9980 | D:10     | Reached XP level 10. HP: 79/86 MP: 11/11
 10023 | D:10     | Reached *** piety under Okawaru
 10277 | D:10     | Noticed Nergalle
 10305 | D:10     | Killed Nergalle
 10305 | D:10     | Reached skill level 10 in Axes
 11345 | D:11     | Reached **** piety under Okawaru
 11466 | D:11     | Noticed a red ugly thing
 11486 | D:11     | Killed a red ugly thing
 11562 | D:11     | Reached XP level 11. HP: 39/95 MP: 14/14
 11985 | D:11     | Reached skill level 11 in Axes
 12104 | D:11     | Reached ***** piety under Okawaru
 12431 | D:11     | Found a staircase to the Lair.
 13023 | D:12     | Reached skill level 5 in Invocations
 13038 | D:12     | Received a gift from Okawaru
 13062 | D:12     | Noticed a cyclops
 13077 | D:12     | Killed a cyclops
 13202 | D:12     | Noticed a hill giant
 13203 | D:12     | Noticed a centaur warrior
 13204 | D:12     | Noticed a hill giant
 13205 | D:12     | Noticed a cyclops
 13235 | D:12     | Killed a hill giant
 13242 | D:12     | Killed a hill giant
 13259 | D:12     | Killed a centaur warrior
 13259 | D:12     | Reached skill level 10 in Shields
 13271 | D:12     | Killed a cyclops
 13288 | D:12     | Reached skill level 12 in Axes
 13406 | D:12     | Noticed a death knight
 13479 | D:12     | Noticed a brown ugly thing
 13500 | D:12     | Killed a brown ugly thing
 13500 | D:12     | Received a gift from Okawaru
 13500 | D:12     | Reached XP level 12. HP: 37/104 MP: 14/16
 13515 | D:12     | Got a warped plate armour {god gift}
 13526 | D:12     | Identified the +4 plate armour of Anarchy {SInv} (Okawaru gifted it to you on level 12 of the Dungeon)
 14244 | D:12     | Killed a death knight
 15755 | D:13     | Reached skill level 5 in Evocations
 15771 | D:13     | Reached skill level 1 in Crossbows
 16083 | D:13     | Received a gift from Okawaru
 16088 | D:13     | Reached ****** piety under Okawaru
 16088 | D:13     | Reached skill level 13 in Axes
 16105 | D:13     | Reached skill level 10 in Fighting
 16109 | D:13     | Got a polished cloak {god gift}
 16123 | D:13     | Identified the +1 cloak "Josukh" {rN+} (Okawaru gifted it to you on level 13 of the Dungeon)
 16984 | D:14     | Reached XP level 13. HP: 75/113 MP: 17/17
 17142 | D:14     | Noticed Rupert
 17393 | D:14     | Killed Rupert
 17393 | D:14     | Reached skill level 5 in Necromancy
 17418 | D:14     | Gained mutation: You tend to lose your temper in combat. [mutagenic meat]
 17421 | D:14     | Gained mutation: Armour fits poorly on your strangely shaped body. [mutagenic meat]
 17424 | D:14     | Lost mutation: Scrolls take you a little longer to read. [mutagenic meat]
 17581 | D:14     | Noticed Urug
 17622 | D:14     | Received a gift from Okawaru
 17641 | D:14     | Killed Urug
 17646 | D:14     | Reached skill level 14 in Axes
 17646 | D:14     | Found a gate to the Vaults.
 17672 | D:14     | Reached skill level 5 in Charms
 18562 | D:14     | Gained mutation: You possess an exceptional clarity of mind. [mutagenic meat]
 18565 | D:14     | Lost mutation: Armour fits poorly on your strangely shaped body. [mutagenic meat]
 18568 | D:14     | Gained mutation: Your body often deteriorates upon taking damage. [mutagenic meat]
 18900 | D:14     | Gained mutation: Your natural rate of healing is unusually fast. [mutagenic meat]
 18903 | D:14     | Gained mutation: You expend magic power (3 MP) to strengthen your wands. [mutagenic meat]
 18909 | D:14     | Gained mutation: You are surrounded by a mild repulsion field. (EV +2) [mutagenic meat]
 19225 | D:14     | Received a gift from Okawaru
 19230 | D:14     | Reached XP level 14. HP: 110/124 MP: 19/19
 19347 | D:15     | Entered Level 15 of the Dungeon
 19353 | D:15     | Noticed Louise
 19552 | D:15     | Cast into level 2 of the Abyss (Louise)
 19629 | Abyss:2  | Noticed a starcursed mass
 19641 | Abyss:2  | Noticed a ghost moth
 19929 | Abyss:2  | Noticed a daeva
 19941 | Abyss:2  | Noticed an ancient lich
 20007 | Abyss:2  | HP: 3/124 [raiju/living lightning (11)]
 20007 | Abyss:2  | Killed from afar by a raiju

Vault maps used:
D:1:      noname_arrival_rooms_in_the_neighbourhood, serial_bayou_crossing
D:2:      overflow_temple_1_default, gammafunk_temple_overflow_statue,
          xom_redecorated, uniq_jessica
D:3:      first_bread
D:4:      marbit_many_paths, nicolae_ru_great_annihilating_truth
D:5:      lemuel_round_altar
D:6:      cheibriados_altar_wand_db, nicolae_benzene_ring
D:7:      lemuel_ice_spiral_2, kennysheep_okawaru_gauntlet, serial_shops, shop,
          nicolae_shop_temple_entry_statues_fountains, kennysheep_mini,
          grunt_ogre_cave
D:8:      serial_shops, nicolae_shop_behind_doors
D:9:      kennysheep_mini_moat, orc_0_dummy, fedhas_altar_4
D:10:     uniq_nergalle
D:11:     erik_lair_dragon, kennysheep_generic_room_5
D:12:     minivault_28
D:14:     david_vaults_3, enter_bailey_3
D:15:     hangedman_depths_entry_try_elsewhere_first, minivault_25,
          special_room, uniq_louise, uniq_roxanne, uniq_urug
Temple:   nicolae_temple_figure_eight

Skill      XL: |  1  2  3  4  5  6  7  8  9 10 11 12 13 14 |
---------------+-------------------------------------------+-----
Fighting       | 4 5 6 7 8 9 10 11 | 11.3
Axes           | 3 4 5 6 8 9 10 12 13 14 | 14.7
Shields        | 4 5 6 8 9 10 11 | 11.8
Armour         | 4 5 6 7 8 9 |  9.1
Dodging        | 1 2 |  2.0
Evocations     | 1 2 3 4 5 |  5.8
Translocations | 1 2 3 4 |  4.9
Invocations    | 2 4 5 6 7 8 |  8.0
Charms         | 1 2 3 4 5 |  5.5
Necromancy     | 1 2 4 5 |  5.7
Crossbows      | 1 3 |  3.7

Action                   |  1- 3 |  4- 6 |  7- 9 | 10-12 | 13-15 || total
-------------------------+-------+-------+-------+-------+-------++-------
Melee: War axe           |    64 |   247 |   508 |   916 |   466 ||  2201
Invok: Heroism           |       |       |       |     8 |     6 ||    14
       Finesse           |       |       |       |     1 |     4 ||     5
Evoke: Wand              |       |       |     5 |       |       ||     5
  Use: Scroll            |     2 |     9 |    15 |    13 |     7 ||    46
       Potion            |       |     1 |     7 |     5 |     1 ||    14
  Eat: Chunk             |       |     9 |    11 |    19 |    21 ||    60
       Fruit             |       |       |     4 |     2 |     2 ||     8
       Beef jerky        |       |       |     1 |     1 |       ||     2
       Meat ration       |       |       |     2 |     1 |       ||     3
       Royal jelly       |       |       |       |     1 |       ||     1
Armor: Scale mail        |    31 |    82 |    15 |       |       ||   128
       Plate armour      |       |       |   333 |   310 |   267 ||   910
Dodge: Dodged            |    21 |    77 |   111 |   156 |   154 ||   519
Block: Shield            |    35 |   127 |   370 |   528 |   377 ||  1437
